 Dungeon Crawl Stone Soup version 0.29.1-1-gd02db6906a (webtiles) character file.

Game seed: 7634144939884203792

119 safid the Shooter (level 4, -11/31 (38) HPs)
             Began as a Minotaur Hunter on Sept 29, 2022.
             Killed by nerve-wracking pain
             ... invoked by an orc priest
              (14 damage)
             ... on level 3 of the Dungeon on Sept 30, 2022.
             The game lasted 00:03:50 (2571 turns).

safid the Shooter (Minotaur Hunter)                 Turns: 2571, Time: 00:03:51

HP:   -11/31 (38)   AC:  4    Str: 22    XL:     4   Next: 73%
MP:   3/3           EV: 12    Int:  6    God:
Gold: 33            SH:  0    Dex: 15    Spells: 3/3 levels left

rFire   . . .      SeeInvis .   a - +0 shortbow
rCold   . . .      Faith    .   (shield currently unavailable)
rNeg    . . .      Spirit   .   c - +0 leather armour
rPois   .          Reflect  .   (helmet restricted)
rElec   .          Harm     .   f - +0 cloak
rCorr   .          Rampage  .   (no gloves)
Will    .....                   (no boots)
Stlth   +.........              j - amulet of the acrobat
HPRegen 0.10/turn               k - +6 ring of strength
MPRegen 0.08/turn               (no ring)

@: flying, heavily drained
A: horns 2, retaliatory headbutt
a: no special abilities


You were on level 3 of the Dungeon.
You visited 1 branch of the dungeon, and saw 3 of its levels.

You collected 73 gold pieces.
You spent 40 gold pieces at shops.

Inventory:

Hand Weapons
 a - a +0 shortbow (weapon)
Armour
 c - a +0 leather armour (worn)
 f - a +0 cloak (worn)
Jewellery
 j - an amulet of the acrobat (around neck)
 k - a +6 ring of strength (left hand)
Scrolls
 b - a scroll of immolation
 d - 2 scrolls of vulnerability {unknown}
 g - 4 scrolls of identify
 i - a scroll of poison {unknown}
 l - a scroll of amnesia {unknown}
 m - a scroll of butterflies {unknown}
 n - a scroll of fear {unknown}
Potions
 e - a potion of curing
 o - a potion of experience {unknown}


   Skills:
 - Level 3.0 Fighting
 + Level 6.6 Ranged Weapons
 - Level 2.1 Dodging
 - Level 0.7 Stealth


You had 3 spell levels left.
You didn't know any spells.
Your spell library was empty.

Dungeon Overview and Level Annotations

Branches:
Dungeon (3/15)

Altars:

Shops:
D:2 ?:*=


Innate Abilities, Weirdness & Mutations

You have a pair of horns on your head.
You reflexively headbutt those who attack you in melee.


Message History

* * * LOW HITPOINT WARNING * * *
The goblin closely misses you.
It was a potion of flight.
You feel very buoyant.
You fly up into the air.
The orc priest closely misses you. The goblin barely misses you.
Fire: a) +0 shortbow
Press: ? - help, Q - select action Shift-Dir - straight line, f/p - orc priest
Aim: an orc priest, wielding a +1 falchion of draining and wearing a +0 ring mail (66% to hit)
You shoot an arrow. The arrow hits the orc priest.
The orc priest is lightly wounded.
The goblin closely misses you. The orc priest closely misses you.
The goblin hits you but does no damage. The orc priest closely misses you.
You furiously retaliate!
You headbutt the orc priest!
Fire: a) +0 shortbow
Press: ? - help, Q - select action Shift-Dir - straight line, f/p - orc priest
Aim: an orc priest, wielding a +1 falchion of draining and wearing a +0 ring mail (severely wounded, 66% to hit)
You shoot an arrow. The arrow hits the orc priest.
The orc priest is almost dead.
The orc priest hits you with a +1 falchion of draining.
* * * LOW HITPOINT WARNING * * *
You feel drained.
* * * LOW HITPOINT WARNING * * *
The goblin hits you but does no damage.
Fire: a) +0 shortbow
Press: ? - help, Q - select action Shift-Dir - straight line, f/p - orc priest
Aim: an orc priest, wielding a +1 falchion of draining and wearing a +0 ring mail (almost dead, 66% to hit)
You shoot an arrow.
The arrow hits the orc priest but does no damage.
The orc priest is almost dead.
The orc priest completely misses you. The goblin hits you but does no damage.
Fire: a) +0 shortbow
Press: ? - help, Q - select action Shift-Dir - straight line, f/p - orc priest
Aim: an orc priest, wielding a +1 falchion of draining and wearing a +0 ring mail (almost dead, 66% to hit)
You shoot an arrow.
The arrow hits the orc priest but does no damage.
The orc priest is almost dead.
The orc priest invokes the aid of Beogh against you.
Pain shoots through your body!
You die...

#............
###.........#
.##......<.).#
.............#
.............#
.............#
..........####
.......g..#####
.......@o......
.......[).#..<.
.........###...
.##.....## ...
####### ##


You could see an orc priest and a goblin.

Vanquished Creatures
  5 adders (D:2)
  2 worms (D:2)
  3 dart slugs
  2 orcs (D:3)
  3 ball pythons (D:1)
  6 endoplasms
  2 giant cockroaches (D:2)
  6 goblins
  5 hobgoblins
  5 kobolds
  3 quokkas
  7 bats
  3 frilled lizards
  7 rats
59 creatures vanquished.

Notes
Turn   | Place    | Note
-------+----------+-------------------------------------------
     0 | D:1      | safid the Minotaur Hunter began the quest for the Orb.
     0 | D:1      | Reached XP level 1. HP: 18/18 MP: 0/0
   517 | D:1      | Reached XP level 2. HP: 25/25 MP: 1/1
  1033 | D:1      | Reached skill level 5 in Ranged Weapons
  1164 | D:2      | Reached XP level 3. HP: 25/31 MP: 2/2
  1508 | D:2      | Reached XP level 4. HP: 28/38 MP: 3/3
  1646 | D:2      | Reached skill level 6 in Ranged Weapons
  1711 | D:2      | Found Foungepe's Jewellery Emporium.
  1754 | D:2      | Found Gouxt's General Store.
  1768 | D:2      | Bought a scroll of identify for 20 gold pieces
  2076 | D:2      | Found Ijusch's Book Shoppe.
  2160 | D:2      | Found Weobeg's Magic Scroll Shop.
  2170 | D:2      | Bought a scroll of identify for 20 gold pieces
  2571 | D:3      | Killed from afar by an orc priest

Illustrated notes

Levels and vault maps discovered:
D:1:      matt_arrival_refuge, layout_loops_ring
D:2:      minmay_thinvault, layout_basic, serial_shops, shop, shop,
          nicolae_shop_advertising_works [nicolae_subvault_shop_adworks], shop,
          wad_floor_pattern_untrapped
D:3:      layout_rooms, minmay_surrounded, uniq_natasha

Skill      XL: |  1  2  3  4 |
---------------+-------------+-----
Fighting       | 3 |  3.0
Ranged Weapons | 5 6 |  6.6
Dodging        | |  2.1
Stealth        | |  0.7

Action                   |  1- 3 |  4- 6 || total
-------------------------+-------+-------++-------
 Fire: Shortbow          |    98 |    89 ||   187
  Use: Potion            |     1 |     1 ||     2
Armor: Leather armour    |    13 |    12 ||    25
Dodge: Dodged            |    29 |    25 ||    54
